 Dungeon Crawl Stone Soup version 0.27-a0-1105-g946c659c87 (webtiles) character file.

Game seed: 9860106492760900785

86 kae the Chopper (level 4, -2/40 HPs)
             Began as a Hill Orc Fighter on Apr 29, 2021.
             Slain by an orc
             ... wielding a +0 club
              (5 damage)
             ... on level 3 of the Dungeon.
             The game lasted 00:00:57 (2095 turns).

kae the Chopper (Hill Orc Fighter)                  Turns: 2095, Time: 00:00:58

Health: -2/40      AC:  8    Str: 19    XL:     4   Next: 50%
Magic:  4/4        EV:  7    Int:  8    God:
Gold:   66         SH:  0    Dex: 10    Spells: 3/3 levels left

rFire    . . .     SeeInvis .   a - +0 war axe
rCold    . . .     Faith    .   c - +0 kite shield
rNeg     . . .     Spirit   .   b - +0 scale mail
rPois    .         Reflect  .   (no helmet)
rElec    .         Harm     .   (no cloak)
rCorr    .         Rampage  .   g - +0 pair of gloves
Will     .....                  (no boots)
Stlth    ..........             (no amulet)
HPRegen  0.13/turn              (no ring)
MPRegen  0.09/turn              (no ring)

@: confused
A: no striking features
a: no special abilities


You were on level 3 of the Dungeon.
You visited 1 branch of the dungeon, and saw 3 of its levels.

You collected 66 gold pieces.

Inventory:

Hand Weapons
 a - a +0 war axe (weapon)
Armour
 b - a +0 scale mail (worn)
 c - a +0 kite shield (worn)
 g - a +0 pair of gloves (worn)
Scrolls
 f - 3 scrolls of identify
 h - a scroll of amnesia
Potions
 d - a potion of might


   Skills:
 + Level 4.3 Fighting
 * Level 4.3 Axes
 + Level 3.9 Armour
 + Level 1.1 Dodging
 - Level 3.2 Shields


You had 3 spell levels left.
You didn't know any spells.
Your spell library contained the following spells:

 Spells                   Type           Power      Damage    Failure   Level
 Magic Dart               Conj           0%         1d3       99%         1
 Blink                    Tloc           N/A        N/A       100%        2
 Call Imp                 Summ           0%         N/A       100%        2
 Slow                     Hex            0%         N/A       100%        2
 Conjure Flame            Conj/Fire      0%         6-21      100%        3
 Mephitic Cloud           Conj/Pois/Air  0%         N/A       100%        3


Dungeon Overview and Level Annotations

Branches:
Dungeon (3/15)

Altars:


Message History

The kobold is heavily wounded.
The kobold hits you with a +0 short sword.
You barely miss the kobold.
The kobold is heavily wounded.
The kobold completely misses you. The kobold hits you but does no damage.
You hit the kobold.
You kill the kobold!
You barely miss the orc. The orc hits you with a +0 falchion.
You slash the orc!
You kill the orc!
You closely miss something. Something hits you. The orc barely misses you.
You miss something. You hit the orc but do no damage.
Something hits you but does no damage. You block the orc's attack.
You hear some strange, mumbled words.
A puff of flame appears from out of thin air!
The puff of flame hits you.
You barely miss something. You closely miss the orc.
The orc hits you but does no damage. Something hits you.
The orc hits you but does no damage.
You barely miss something. You closely miss the orc.
Something hits you but does no damage. You block the orc's attack.
Something hits you.
You miss something. You hit the orc but do no damage.
You block the orc's attack.
You hear some strange, mumbled words.
A magic dart appears from out of thin air!
The magic dart hits you!
* * * LOW HITPOINT WARNING * * *
The orc hits you with a +0 club.
* * * LOW HITPOINT WARNING * * *
You closely miss something. You hit the orc.
Something hits you but does no damage. You block the orc's attack.
Something hits you.
* * * LOW HITPOINT WARNING * * *
You hit something. You hit the orc. The orc hits you but does no damage.
Something hits you but does no damage. The orc hits you but does no damage.
You hear some strange, mumbled words.
You are confused.
You bump into the rock wall.
The orc hits you with a +0 club.
You die...

#######
#.....#
#.###.#
#.)<#{###
#####@o.#
###.#
....oo..#
#########


You could see an orc.

Vanquished Creatures
  3 adders (D:2)
  A worm (D:2)
  2 dart slugs
  An orc (D:3)
  4 ball pythons
  2 endoplasms (D:2)
  2 giant cockroaches (D:2)
  7 goblins
  2 hobgoblins (D:2)
  3 jackals (D:1)
  3 kobolds
  3 quokkas
  5 bats
  8 frilled lizards
  3 rats
49 creatures vanquished.

Notes
Turn   | Place    | Note
-------+----------+-------------------------------------------
     0 | D:1      | kae the Hill Orc Fighter began the quest for the Orb.
     0 | D:1      | Reached XP level 1. HP: 19/19 MP: 1/1
    40 | D:1      | Found a faded altar of an unknown god.
   277 | D:1      | Reached XP level 2. HP: 27/27 MP: 2/2
  1118 | D:2      | Reached XP level 3. HP: 33/33 MP: 3/3
  1379 | D:2      | Reached skill level 1 in Dodging
  1521 | D:2      | Reached XP level 4. HP: 40/40 MP: 4/4
  2093 | D:3      | HP: 2/40 [something (2)]
  2095 | D:3      | Slain by an orc

Illustrated notes

Levels and vault maps discovered:
D:1:      sevenhm_arrival_forest_fort_small_6, layout_basic,
          hellmonk_ecumenical_altar_zigzags, minmay_lizard_pond
D:2:      layout_rooms, minmay_hexomino_p4
D:3:      layout_basic, kennysheep_doodads, hangedman_decor_push

Skill      XL: |  1  2  3 |
---------------+----------+-----
Axes           | 3 4 |  4.3
Fighting       | 4 |  4.3
Dodging        | 1 |  1.1
Armour         | |  3.9
Shields        | |  3.2

Action                   |  1- 3 |  4- 6 || total
-------------------------+-------+-------++-------
Melee: War axe           |   100 |    51 ||   151
  Use: Scroll            |       |     2 ||     2
Armor: Scale mail        |    77 |    32 ||   109
Dodge: Dodged            |    44 |    16 ||    60
Block: Kite shield       |    69 |    24 ||    93

Table legend: (Time is in decaauts)
 A = Elapsed time spent in this place.
 B = Non-inter-level travel time spent in this place.
 C = Inter-level travel time spent in this place.
 D = Time resting spent in this place.
 E = Time spent auto-exploring this place.
 F = Levels seen in this place.
 G = Mean time per level.
                   A        B        C        D        E       F      G
               +--------+--------+--------+--------+--------+-----+--------+
         Total |   2176 |   2141 |     35 |    140 |   1645 |   3 |  725.3 |
       Dungeon |   2176 |   2141 |     35 |    140 |   1645 |   3 |  725.3 |
               +--------+--------+--------+--------+--------+-----+--------+

Top non-repeatable levels by time:
     D:1: 1145 daAuts
     D:2: 840 daAuts
     D:3: 191 daAuts
